 Dungeon Crawl Stone Soup version 0.28.0-53-g5a82cb258f (webtiles) character file.

Game seed: 7534395829164033769

38 unlimited1921 the Chopper (level 3, -3/35 HPs)
             Began as a Gnoll Cinder Acolyte on July 8, 2022.
             Was a High Priest of Ignis.
             Succumbed to Sigmund's poison
             ... on level 2 of the Dungeon.
             The game lasted 00:03:55 (3912 turns).

unlimited1921 the Chopper (Gnoll Cinder Acolyte)    Turns: 3912, Time: 00:03:55

Health: -3/35      AC:  6    Str: 15    XL:     3   Next: 43%
Magic:  7/7        EV: 10    Int: 13    God:    Ignis [*****.]
Gold:   5          SH:  0    Dex:  7    Spells: 7/7 levels left

rFire   + . .      SeeInvis .   f - +0 arbalest
rCold   . . .      Faith    .   (shield currently unavailable)
rNeg    . . .      Spirit   .   n - +0 ring mail
rPois   .          Reflect  .   (no helmet)
rElec   .          Harm     .   (no cloak)
rCorr   .          Rampage  .   o - +0 pair of gloves
Will    .....                   (no boots)
Stlth   +.........              (no amulet)
HPRegen 0.11/turn               (no ring)
MPRegen 0.10/turn               (no ring)

@: lethally poisoned (-3 -> -27)
A: fangs 1, strong nose, distributed training
a: Renounce Religion, Fiery Armour, Foxfire Swarm, Rising Flame


You were on level 2 of the Dungeon.
You worshipped Ignis.
Ignis was extremely pleased with you.
You visited 1 branch of the dungeon, and saw 2 of its levels.

You collected 5 gold pieces.

Inventory:

Hand Weapons
 a - a -1 hand axe of flaming
 c - a +0 spear
 f - a +0 arbalest (weapon)
 h - a +3 dagger
 k - a +0 quarterstaff
Missiles
 d - 16 stones
 e - 4 bolts (quivered ammo)
Armour
 b - a +0 robe
 j - a +0 leather armour
 n - a +0 ring mail (worn)
 o - a +0 pair of gloves (worn)
Jewellery
 l - a ring of fire
 p - an amulet of reflection
Potions
 g - 2 potions of haste {unknown}
 i - a potion of invisibility {unknown}
 m - a potion of brilliance {unknown}


   Skills:
 + Level 6.5 Fighting
 + Level 0.8 Short Blades
 + Level 0.8 Long Blades
 + Level 6.5 Axes
 + Level 0.8 Maces & Flails
 + Level 0.8 Polearms
 + Level 0.8 Staves
 + Level 0.8 Slings
 + Level 0.8 Bows
 + Level 0.8 Crossbows
 + Level 0.8 Throwing
 + Level 0.8 Armour
 + Level 0.8 Dodging
 + Level 0.8 Stealth
 + Level 0.8 Shields
 + Level 0.8 Unarmed Combat
 + Level 2.8 Spellcasting
 + Level 0.5 Conjurations
 + Level 0.5 Hexes
 + Level 0.5 Summonings
 + Level 0.5 Necromancy
 + Level 0.5 Translocations
 + Level 0.5 Transmutations
 + Level 5.4 Fire Magic
 + Level 0.5 Ice Magic
 + Level 0.5 Air Magic
 + Level 0.5 Earth Magic
 + Level 0.5 Poison Magic
 + Level 1.0 Invocations
 + Level 0.8 Evocations


You had 7 spell levels left.
You didn't know any spells.
Your spell library contained the following spells:

 Spells                   Type           Power      Damage    Failure   Level
 Scorch                   Fire           30%        2d6       8%          2


Dungeon Overview and Level Annotations

Branches:
Dungeon (2/15)

Altars:

Annotations:
D:2 Sigmund


Innate Abilities, Weirdness & Mutations

You have very sharp teeth.
Your uncanny sense of smell can sniff out nearby items.
Your experience applies equally to all skills.


Message History

e - 9 bolts (gained 1)
An adder comes into view.
You shoot a bolt. The bolt misses the adder.
You hear a shout!
An endoplasm comes into view.
You shoot a bolt. The bolt barely misses the adder.
A hobgoblin comes into view.
Sigmund the Dreaded comes into view.
He is wielding a +4 scythe of venom.
The adder barely misses you.
You shoot a bolt. The hobgoblin shouts!
The bolt hits the adder.
The adder is moderately wounded.
The adder bites you. Sigmund hits you but does no damage.
The adder barely misses you.
You shoot a bolt. The bolt misses the adder.
The bolt hits Sigmund.
Sigmund is lightly wounded.
The adder bites you but does no damage.
Sigmund hits you from afar with a +4 scythe of venom.
You are poisoned.
The adder bites you. The adder barely misses you.
You shoot a bolt. The bolt barely misses the adder.
The bolt hits Sigmund!
Sigmund is severely wounded.
You feel very sick.
Sigmund hits you from afar with a +4 scythe of venom!
You are lethally poisoned!
The adder bites you. The adder closely misses you.
Sigmund hits you from afar with a +4 scythe of venom.
* * * LOW HITPOINT WARNING * * *
You are more poisoned.
You don't know any spells.
Unknown command.
Unknown command.
Activating: Foxfire Swarm
Press: ? - help, Dir - look around, f - activate
Okay, then.
* * * LOW HITPOINT WARNING * * *
You feel extremely sick. The adder bites you but does no damage.
You die...

#........#†.(..#
#.#####.###....#####...
#.# ##.#.##..........
#.#######.###.######...
#.#...........# ###
#..........#..#
#.###...#####..#..#
........#####..#..#
#.###..........#@.#
.......######.....#
..###### ##J#S## ..#
#.#g# ..# #...@#
..###### .........
.........####....#. ∆
.######## ##.#.##. ##
#(#.. .g


You could see Sigmund, an adder, an endoplasm and a hobgoblin.

Vanquished Creatures
  2 dart slugs
  5 ball pythons
  4 bats (D:1)
  5 endoplasms (D:1)
  4 goblins
  6 hobgoblins
  2 frilled lizards
  2 kobolds
  A rat (D:1)
31 creatures vanquished.

Notes
Turn   | Place    | Note
-------+----------+-------------------------------------------
     0 | D:1      | unlimited1921 the Gnoll Cinder Acolyte began the quest for
                  | the Orb.
     0 | D:1      | Reached XP level 1. HP: 23/23 MP: 4/4
   816 | D:1      | Reached XP level 2. HP: 25/29 MP: 5/5
  2785 | D:1      | Reached XP level 3. HP: 19/35 MP: 7/7
  3884 | D:2      | Reached skill level 1 in Invocations
  3906 | D:2      | Noticed Sigmund
  3912 | D:2      | Succumbed to Sigmund's poison

Illustrated notes

Levels and vault maps discovered:
D:1:      grunt_arrival_crossed_arrows, layout_basic
D:2:      layout_loops_ring, uniq_sigmund

Skill      XL: |  1  2  3 |
---------------+----------+-----
Invocations    | 1 |  1.0
Fighting       | |  6.5
Short Blades   | |  0.8
Long Blades    | |  0.8
Axes           | |  6.5
Maces & Flails | |  0.8
Polearms       | |  0.8
Staves         | |  0.8
Slings         | |  0.8
Bows           | |  0.8
Crossbows      | |  0.8
Throwing       | |  0.8
Armour         | |  0.8
Dodging        | |  0.8
Stealth        | |  0.8
Shields        | |  0.8
Unarmed Combat | |  0.8
Spellcasting   | |  2.8
Conjurations   | |  0.5
Hexes          | |  0.5
Summonings     | |  0.5
Necromancy     | |  0.5
Translocations | |  0.5
Transmutations | |  0.5
Fire Magic     | |  5.4
Ice Magic      | |  0.5
Air Magic      | |  0.5
Earth Magic    | |  0.5
Poison Magic   | |  0.5
Evocations     | |  0.8

Action                   || total
-------------------------++-------
Melee: Hand axe          ||    43
       Bite              ||     2
 Fire: Arbalest          ||    52
 Stab: Sleeping          ||     1
Armor: Robe              ||    15
       Ring mail         ||     6
       Leather armour    ||     1
Dodge: Dodged            ||    43
